 Dungeon Crawl Stone Soup version 0.31-a0-627-gd65175cf8b (webtiles) character file.

Game seed: 6403693849423920598

136 Ijustatesigmund the Trooper (level 5, -3/33 HPs)
             Began as a Gargoyle Warper on Aug 25, 2023.
             Slain by a gnoll
             ... wielding a +0 flail
              (6 damage)
             ... on level 4 of the Dungeon.
             The game lasted 00:06:04 (2739 turns).

Ijustatesigmund the Trooper (Gargoyle Warper)       Turns: 2739, Time: 00:06:05

Health: -3/33      AC: 15    Str: 16    XL:     5   Next: 19%
Magic:  8/8        EV:  7    Int: 14    God:
Gold:   176        SH:  0    Dex:  9    Spells: 6/8 levels left

rFire   . . .        a - +0 mace
rCold   . . .        (no shield)
rNeg    + . .        b - +0 chain mail
rPois   ∞            (no helmet)
rElec   +            h - +0 cloak
rCorr   .            q - +0 pair of gloves
SInv    +            (no boots)
Will    +....        (no amulet) Stlth
                     o - ring of see invisible
HPRegen 0.25/turn    p - ring of willpower
MPRegen 0.11/turn

%: no passive effects
@: no status effects
A: sickness immunity, AC +4, negative energy resistance 1, electricity
resistance, torment resistance 1, petrification resistance
a: no special abilities


You were on level 4 of the Dungeon.
You visited 1 branch of the dungeon, and saw 4 of its levels.

You collected 188 gold pieces.
You spent 12 gold pieces at shops.

Inventory:

Hand Weapons
 a - a +0 mace (weapon)
Missiles
 d - 6 darts of dispersal
 l - 2 javelins (quivered)
Armour
 b - a +0 chain mail (worn)
 h - a +0 cloak (worn)
 q - a +0 pair of gloves (worn)
Jewellery
 o - a ring of see invisible (left hand)
 p - a ring of willpower (right hand)
Scrolls
 c - a scroll of amnesia {unknown}
 k - 3 scrolls of identify {unknown}
 m - 2 scrolls of teleportation
Potions
 e - 2 potions of curing {unknown}
 f - a potion of ambrosia {unknown}
 g - 2 potions of attraction
 i - a potion of brilliance {unknown}
 j - a potion of mutation {unknown}
 n - a potion of cancellation {unknown}


   Skills:
 + Level 3.7 Fighting
 + Level 3.3 Maces & Flails
 - Level 0.8 Throwing
 + Level 3.1 Armour
 - Level 1.5 Dodging
 - Level 2.0 Spellcasting
 - Level 2.6 Translocations


You had 6 spell levels left.
You knew the following spells:

 Your Spells              Type           Power      Damage    Failure   Level
a - Blink                 Tloc           16%        N/A       80%         2

Your spell library contained the following spells:

 Spells                   Type           Power      Damage    Failure   Level
 Lesser Beckoning         Tloc           16%        N/A       80%         2
 Foxfire                  Conj/Fire      4%         2x1d4     95%         1
 Teleport Other           Tloc           8%         N/A       95%         3
 Vhi's Electric Charge    Tloc/Air       10%        N/A       99%         3
 Manifold Assault         Tloc           8%         N/A       100%        4
 Plasma Beam              Fire/Air       0%         2x1d10    100%        6
 Starburst                Conj/Fire      0%         6d3       100%        6


Dungeon Overview and Level Annotations

Branches:
Dungeon (4/15)
 Temple: D:4-7

Altars:
Fedhas

Shops:
D:1 !


Innate Abilities, Weirdness & Mutations

You are immune to sickness and miasma.
Your stone body is resilient. (AC +4)
You are immune to poison.
You resist negative energy. (rN+)
You are resistant to electric shocks. (rElec)
You are resistant to unholy torment.
You are immune to petrification.


Message History

The gnoll is severely wounded.
The gnoll barely misses you.
You hit the gnoll but do no damage.
The gnoll is severely wounded.
The gnoll hits you with a +0 flail!
The white imp grins evilly.
The gnoll barely misses you.
You are too injured to fight recklessly!
You are too injured to fight recklessly!
You are too injured to fight recklessly!
You are too injured to fight recklessly!
You are too injured to fight recklessly!
You are too injured to fight recklessly!
You are too injured to fight recklessly!
You are too injured to fight recklessly!
You are too injured to fight recklessly!
You are too injured to fight recklessly!
You are too injured to fight recklessly!
You are too injured to fight recklessly!
You are too injured to fight recklessly!
You are too injured to fight recklessly!
You are too injured to fight recklessly!
You hit the gnoll but do no damage.
The gnoll is severely wounded.
The gnoll hits you with a +0 flail!
* * * LOW HITPOINT WARNING * * *
You barely miss the gnoll.
The gnoll is severely wounded.
The gnoll hits you with a +0 flail.
* * * LOW HITPOINT WARNING * * *
Okay, then.
Throw: 3 javelins
Press: ? - help, Q - select action, (/) - cycle Shift-Dir - straight line, f - gnoll
Aim: a gnoll, wielding a +0 flail (severely wounded, 54% to hit)
You throw a javelin. The javelin barely misses the gnoll.
The javelin pierces through the white imp but does no damage.
The gnoll hits you with a +0 flail.
* * * LOW HITPOINT WARNING * * *
The gnoll hits you with a +0 flail.
You die...

...####.# ...# #.#
#.#####.###
#..........
#..........
#.###############+####
#.##..................
#.#..#.#)#.#.#.#.#.#.#
.....#.......#..@g5.(#
.....#################
#......# ####....#
#...## ...## ... ...


You could see a gnoll and a white imp.

Vanquished Creatures
  An orc priest (D:4)
  5 adders
  2 worms
  4 dart slugs
  3 bats
  3 endoplasms
  A giant cockroach (D:2)
  7 goblins
  8 hobgoblins
  A quokka (D:2)
  4 ball pythons
  A frilled lizard (D:1)
  4 kobolds (D:1)
  5 rats
49 creatures vanquished.

Notes
Turn   | Place    | Note
-------+----------+-------------------------------------------
     0 | D:1      | Ijustatesigmund the Gargoyle Warper began the quest for the
                  | Orb.
     0 | D:1      | Reached XP level 1. HP: 12/12 MP: 3/3
   181 | D:1      | Reached XP level 2. HP: 13/18 MP: 5/5
   302 | D:1      | Found a transporter.
   302 | D:1      | Found Ruosiwn's Distillery.
   356 | D:1      | Found a transporter.
   385 | D:1      | Bought a potion of degeneration for 12 gold pieces
  1183 | D:1      | Reached XP level 3. HP: 4/22 MP: 6/6
  1452 | D:2      | Learned a level 2 spell: Blink
  1504 | D:2      | Found a faded altar of an unknown god.
  1577 | D:2      | Reached XP level 4. HP: 28/28 MP: 7/7
  2150 | D:3      | Found a blossoming altar of Fedhas.
  2545 | D:4      | Reached XP level 5. HP: 16/32 MP: 8/8
  2739 | D:4      | Slain by a gnoll

Illustrated notes

Levels and vault maps discovered:
D:1:      wheals_arrival_linesprint, layout_rooms, serial_shops,
          nicolae_shop_drivethru
D:2:      cheibrodos_greedy_goblins, layout_rooms,
          dreamdust_ecumenical_altar_angels_and_demons, minmay_heptomino_l4
D:3:      layout_basic, mainiacjoe_overflow_small_starburst
D:4:      layout_loops_ring, nicolae_ru_awakened_eye, hangedman_minor_gate_pass

Skill      XL: |  1  2  3  4 |
---------------+-------------+-----
Armour         | 2 3 |  3.1
Fighting       | 3 |  3.7
Maces & Flails | 3 |  3.3
Throwing       | |  0.8
Dodging        | |  1.5
Spellcasting   | |  2.0
Translocations | |  2.6

Action                     |  1- 3 |  4- 6 || total
---------------------------+-------+-------++-------
  Melee: Mace              |   133 |    73 ||   206
         Punch             |     4 |     1 ||     5
  Throw: Dart              |     1 |       ||     1
         Javelin           |     3 |     1 ||     4
    Use: Scroll            |     5 |       ||     5
         Potion            |     1 |       ||     1
 Armour: Chain mail        |   129 |    50 ||   179
         Leather armour    |     2 |       ||     2
  Dodge: Dodged            |    62 |    34 ||    96

Table legend: (Time is in decaauts)
 A = Elapsed time spent in this place.
 B = Non-inter-level travel time spent in this place.
 C = Inter-level travel time spent in this place.
 D = Time resting spent in this place.
 E = Time spent auto-exploring this place.
 F = Levels seen in this place.
 G = Mean time per level.
                   A        B        C        D        E       F      G
               +--------+--------+--------+--------+--------+-----+--------+
         Total |   2794 |   2712 |     82 |    731 |   1437 |   4 |  698.5 |
       Dungeon |   2794 |   2712 |     82 |    731 |   1437 |   4 |  698.5 |
               +--------+--------+--------+--------+--------+-----+--------+

Top non-repeatable levels by time:
     D:1: 896 daAuts
     D:2: 851 daAuts
     D:3: 780 daAuts
     D:4: 265 daAuts
